Map: [ESL] Inside and Out

Players

ShoWTimE

  • Race: Protoss Protoss
  • League: Master
  • Spawn Location: 1:00

Spirit (souL) - Winner!

  • Race: Terran Terran
  • League: Master
  • Spawn Location: 7:00

VOD

Have the link to the VOD?

Description

Time

  • Played on: Oct. 23, 2022, 10:23 p.m.
  • Length: 18:00
Show
View Real Time Build Order
Export as new Build Order

ShoWTimE Protoss 

Build Orders: 1 Gate Expand, Oracle Opening 

Get SALT Encoding   

  12  0:00  Probe  
  13  0:12  Probe  
  14  0:16  Pylon  
  14  0:24  Probe  
  15  0:34  Gateway  
  15  0:36  Probe (Chrono Boost)  
  16  0:46  Probe (Chrono Boost), Assimilator  
  17  0:51  Probe (Chrono Boost)  
  18  1:03  Probe  
  19  1:15  Probe  
  20  1:21  Cybernetics Core  
  20  1:33  Nexus  
  20  1:37  Probe  
  21  1:43  Pylon  
  21  1:49  Probe  
  21  1:51  Assimilator  
  22  1:59  Adept (Chrono Boost)  
  22  2:01  Probe  
  25  2:13  Probe  
  26  2:20  Stargate  
  26  2:22  Adept (Chrono Boost)  
  26  2:26  Probe  
  29  2:35  Warp Gate  
  29  2:40  Probe (Chrono Boost)  
  30  2:45  Adept  
  30  2:47  Probe (Chrono Boost)  
  34  2:56  Probe x2 (Chrono Boost)  
  35  3:02  Probe x2  
  35  3:05  Oracle (Chrono Boost)  
  37  3:11  Pylon  
  40  3:14  Probe x2  
  42  3:21  Gateway  
  42  3:26  Probe  
  42  3:27  Adept, Probe  
  46  3:38  Probe  
  46  3:39  Oracle (Chrono Boost), Probe  
  51  3:42  Pylon  
  51  3:49  Assimilator  
  51  3:50  Probe  
  51  3:52  Probe  
  54  4:02  Probe  
  54  4:04  Probe  
  54  4:09  Robotics Facility  
  55  4:14  Probe  
  55  4:16  Probe  
  57  4:23  Nexus  
  57  4:24  Pylon  
  57  4:25  Assimilator  
  57  4:27  Probe  
  57  4:29  Probe  
  57  4:30  Twilight Council  
  59  4:39  Probe  
  59  4:41  Probe  
  59  4:43  Sentry x2  
  59  4:44  Gateway  
  65  4:49  Gateway  
  65  4:51  Probe  
  66  4:53  Probe  
  66  4:55  Gateway  
  66  4:57  Pylon  
  68  5:01  Charge (Chrono Boost)  
  68  5:03  Robotics Bay  
  68  5:05  Probe  
  68  5:06  Observer  
  70  5:07  Probe  
  70  5:17  Probe  
  70  5:20  Probe  
  72  5:21  Pylon  
  72  5:25  Pylon  
  74  5:29  Immortal (Chrono Boost), Probe  
  74  5:33  Probe  
  75  5:39  Phoenix (Chrono Boost)  
  75  5:40  Probe  
  75  5:41  Probe  
  79  5:45  Probe  
  80  5:50  Shield Battery  
  80  5:52  Probe  
  80  5:53  Probe  
  82  5:57  Disruptor (Chrono Boost)  
  82  6:00  Phoenix (Chrono Boost), Zealot  
  82  6:04  Zealot x2  
  93  6:10  Zealot  
  95  6:19  Phoenix (Chrono Boost)  
  95  6:22  Pylon  
  95  6:25  Forge  
  97  6:27  Pylon  
  97  6:30  Colossus (Chrono Boost)  
  97  6:37  Phoenix (Chrono Boost)  
  105  6:42  Zealot x5  
  105  6:46  Pylon  
  115  6:47  Pylon  
  115  6:49  Pylon  
  115  6:50  Extended Thermal Lance  
  115  7:00  Probe x2, Pylon  
  117  7:05  Zealot x5  
  117  7:11  Probe  
  117  7:15  Probe  
  113  7:16  Phoenix (Chrono Boost)  
  108  7:28  Zealot x4  
  112  7:33  Probe  
  112  7:34  Probe  
  108  7:44  Probe  
  108  7:45  Probe  
  108  7:46  Probe  
  108  7:48  Phoenix (Chrono Boost)  
  104  7:53  Colossus (Chrono Boost)  
  104  7:56  Probe  
  104  7:57  Protoss Ground Weapons Level 1 (Chrono Boost)  
  111  7:58  Probe  
  111  8:05  Phoenix (Chrono Boost)  
  114  8:14  Shield Battery  
  114  8:17  Probe x3  
  116  8:21  Blink (Chrono Boost)  
  116  8:22  Assimilator  
  116  8:26  Assimilator  
  114  8:29  Probe  
  115  8:41  Probe x2  
  119  8:44  Colossus (Chrono Boost)  
  119  8:47  Probe  
  124  8:51  Zealot x5  
  124  8:53  Probe x2  
  136  8:59  Probe  
  136  9:02  Gateway x2  
  137  9:05  Probe x2  
  137  9:08  Photon Cannon x2  
  137  9:09  Pylon  
  139  9:12  Photon Cannon  
  139  9:23  Nexus  
  139  9:30  Disruptor (Chrono Boost), Probe x3  
  142  9:35  Stalker  
  142  9:36  Stalker  
  149  9:40  Observer, Stalker  
  149  9:43  Protoss Ground Weapons Level 2 (Chrono Boost)  
  149  9:44  Robotics Facility  
  151  9:53  Probe x3  
  151  9:59  Disruptor (Chrono Boost)  
  154  10:00  Photon Cannon  
  154  10:02  Pylon  
  157  10:08  Pylon  
  157  10:10  Pylon  
  157  10:12  Photon Cannon  
  157  10:13  Shield Battery  
  157  10:20  Stalker x2  
  161  10:25  Stalker x2  
  165  10:29  Stalker  
  165  10:34  Disruptor (Chrono Boost)  
  166  10:39  Zealot x2  
  169  10:47  Probe x3  
  175  10:50  Disruptor (Chrono Boost)  
  175  10:55  Zealot x5  
  185  10:57  Disruptor (Chrono Boost)  
  185  11:00  Probe x2  
  190  11:04  Forge  
  186  11:12  Stalker x2  
  190  11:21  Disruptor  
  185  11:31  Stalker x3  
  185  11:32  Stalker x2  
  195  11:36  Dark Shrine  
  195  11:39  Disruptor (Chrono Boost)  
  196  11:42  Zealot x2  
  181  11:55  Disruptor (Chrono Boost)  
  181  12:00  Stalker x5  
  180  12:11  Warp Prism (Chrono Boost)  
  182  12:17  Stalker x2  
  182  12:22  Disruptor  
  186  12:27  Nexus  
  186  12:28  Pylon  
  185  12:30  Protoss Ground Weapons Level 3 (Chrono Boost)  
  185  12:32  Protoss Ground Armor Level 1 (Chrono Boost)  
  177  12:43  Photon Cannon  
  177  12:44  Photon Cannon  
  177  12:45  Photon Cannon  
  177  12:48  Probe x4, Assimilator  
  177  12:49  Zealot x3  
  177  12:50  Shadow Stride (Chrono Boost)  
  187  12:51  Zealot x3  
  187  12:52  Assimilator  
  193  13:00  Shield Battery  
  193  13:02  Photon Cannon  
  193  13:05  Pylon  
  193  13:12  Gateway  
  193  13:13  Gateway  
  193  13:17  Zealot x3  
  199  13:21  Gravitic Drive (Chrono Boost)  
  193  13:30  Photon Cannon  
  189  13:38  Dark Templar x5  
  195  13:47  Dark Templar x2  
  191  13:53  Gateway  
  191  13:54  Gateway  
  189  14:01  Probe x2  
  189  14:02  Probe  
  192  14:04  Nexus  
  192  14:16  Dark Templar x3  
  192  14:17  Dark Templar  
  200  14:23  Protoss Shields Level 1 (Chrono Boost)  
  198  14:27  Zealot  
  198  14:28  Zealot  
  198  14:30  Gateway  
  200  14:33  Gateway  
  200  14:35  Pylon  
  195  14:39  Stalker x2  
  199  15:00  Zealot  
  199  15:02  Zealot x2  
  197  15:07  Stalker  
  194  15:17  Stalker x5  
  194  15:18  Stalker  
  190  15:24  Disruptor  
  190  15:25  Disruptor  
  196  15:33  Assimilator  
  196  15:34  Dark Templar x3  
  200  15:37  Protoss Ground Armor Level 2 (Chrono Boost)  
  200  15:40  Nexus  
  200  15:49  Pylon  
  170  16:05  Assimilator  
  170  16:06  Assimilator  
  170  16:07  Stalker x10  
  173  16:42  Stalker x10  
  173  16:44  Probe x2  
  195  16:47  Photon Cannon  
  195  16:48  Photon Cannon  
  195  16:50  Photon Cannon  
  195  16:51  Gateway  
  195  16:52  Shield Battery  
  191  16:54  Gateway  
  191  16:55  Shield Battery  
  191  16:58  Pylon  
  143  17:19  Stalker x10  
  114  17:42  Stalker x10  
  130  17:56  Zealot x2  
Show
View Real Time Build Order
Export as new Build Order

Spirit Terran - Winner!

Build Orders:  

Get SALT Encoding   

  12  0:00  SCV  
  13  0:12  SCV  
  14  0:17  Supply Depot  
  14  0:24  SCV  
  15  0:38  SCV  
  15  0:40  Barracks  
  16  0:44  Refinery  
  16  0:50  SCV  
  17  1:02  SCV  
  18  1:15  SCV  
  19  1:27  Orbital Command, Marine  
  20  1:42  Command Center  
  20  1:46  Reaper  
  21  1:53  SCV  
  22  1:57  Supply Depot  
  22  2:05  SCV  
  22  2:08  Factory  
  23  2:13  Refinery  
  23  2:18  SCV, Marine  
  25  2:25  Bunker  
  25  2:30  SCV  
  26  2:38  Barracks Reactor  
  26  2:42  SCV  
  27  2:53  Hellion, Starport  
  27  2:57  Orbital Command  
  29  2:59  SCV  
  29  3:14  SCV, Widow Mine  
  29  3:15  Marine x2  
  34  3:23  SCV  
  34  3:26  SCV  
  36  3:29  Viking  
  36  3:31  Supply Depot  
  38  3:36  SCV  
  38  3:38  SCV  
  38  3:40  Marine x2  
  42  3:48  SCV  
  43  3:50  SCV  
  43  3:51  Factory Tech Lab  
  43  3:52  Barracks  
  44  3:58  Marine x2  
  44  3:59  Supply Depot  
  44  4:00  SCV  
  44  4:02  SCV  
  48  4:10  Barracks  
  48  4:12  SCV  
  48  4:14  Supply Depot, SCV  
  50  4:17  Starport Tech Lab  
  50  4:22  Engineering Bay  
  50  4:24  Refinery, SCV  
  50  4:26  SCV  
  50  4:27  Marine x2  
  53  4:36  Supply Depot, SCV  
  52  4:38  SCV, Factory Reactor  
  52  4:44  Marine x2, Starport Reactor  
  55  4:47  Stimpack  
  55  4:48  SCV  
  55  4:50  Terran Infantry Weapons Level 1  
  55  4:51  SCV  
  57  4:53  Marauder  
  57  4:58  Missile Turret  
  59  5:01  SCV, Missile Turret  
  59  5:03  SCV  
  59  5:05  Combat Shield  
  61  5:08  Marauder  
  61  5:09  Marine  
  62  5:14  Marauder  
  62  5:20  Supply Depot, Refinery  
  64  5:22  Medivac x2  
  64  5:25  Widow Mine  
  64  5:26  Widow Mine  
  72  5:30  Marauder  
  74  5:36  Marine  
  74  5:37  Marine  
  74  5:38  Marauder  
  76  5:43  Supply Depot  
  76  5:45  Supply Depot  
  76  5:46  SCV  
  76  5:47  SCV  
  78  5:51  Marine  
  79  5:59  Medivac x2, Marauder  
  79  6:00  Marine  
  86  6:04  Marine  
  86  6:05  Widow Mine x2  
  86  6:08  Marine  
  86  6:09  Supply Depot x2  
  90  6:19  Marine  
  90  6:25  SCV x2  
  93  6:26  Concussive Shells  
  93  6:27  Marauder, Marine  
  96  6:34  Medivac x2  
  96  6:35  Command Center  
  96  6:39  SCV, Marine  
  102  6:40  SCV  
  102  6:44  Marauder  
  102  6:45  Marine  
  102  6:47  Supply Depot x2  
  106  6:48  Terran Infantry Armor Level 1  
  106  6:51  SCV, Marine  
  108  6:58  SCV, Widow Mine x2  
  111  7:05  Marauder  
  106  7:11  Marine x2  
  106  7:13  Marine  
  109  7:16  Medivac x2  
  109  7:21  SCV  
  110  7:23  SCV  
  110  7:26  Widow Mine x2, Marine  
  110  7:29  Marine x2  
  112  7:31  Marine  
  110  7:44  Barracks, Marine  
  109  7:46  Viking x2  
  109  7:47  Marine x2  
  109  7:48  Marine  
  110  7:53  SCV  
  106  8:01  Marine  
  106  8:05  Marine x2, Starport  
  107  8:06  Barracks  
  107  8:08  Orbital Command  
  105  8:13  Factory Tech Lab, Marauder  
  105  8:16  Viking x2  
  111  8:20  Marauder  
  111  8:23  SCV x2  
  111  8:25  Refinery x2  
  111  8:26  Ghost Academy  
  113  8:29  Marine  
  110  8:34  Marine  
  110  8:35  SCV x2, Marauder  
  115  8:41  Marauder  
  115  8:43  SCV  
  115  8:46  Viking x2, Marine  
  115  8:47  SCV  
  122  8:50  Viking  
  122  8:52  Marine  
  122  8:53  Viking  
  122  8:55  Barracks Reactor  
  123  8:56  SCV  
  123  9:01  Ghost  
  126  9:03  Ghost  
  126  9:05  Ghost  
  126  9:06  Marine  
  126  9:09  Enhanced Shockwaves  
  131  9:10  Marine  
  131  9:13  SCV  
  131  9:15  SCV x2  
  135  9:20  Supply Depot  
  135  9:22  Viking  
  135  9:24  Viking, Marine  
  137  9:25  SCV  
  137  9:27  Viking  
  137  9:28  Marine  
  137  9:29  Viking  
  137  9:30  Marine  
  147  9:35  Marauder  
  147  9:37  Supply Depot  
  147  9:38  Supply Depot  
  149  9:39  Supply Depot  
  149  9:42  Armory  
  149  9:43  Marine  
  149  9:45  Engineering Bay  
  150  9:48  Marauder x2  
  150  9:52  Marine  
  155  9:55  Viking  
  155  9:56  Marauder  
  155  9:58  Viking  
  161  10:10  Marauder, Marine  
  164  10:17  Fusion Core  
  164  10:20  Marine  
  164  10:22  Command Center, SCV x3  
  164  10:28  Marine  
  164  10:34  SCV  
  164  10:36  Factory Tech Lab  
  164  10:38  Medivac x2  
  164  10:41  Terran Infantry Armor Level 2, Terran Infantry Weapons Level 2  
  168  10:47  SCV x3  
  168  10:48  Marine  
  168  10:49  Marine  
  172  10:53  Marine  
  172  10:56  Marine  
  174  10:58  Marine  
  174  10:59  SCV x3, Marauder  
  174  11:00  Liberator  
  183  11:08  Advanced Ballistics  
  184  11:11  SCV x3  
  184  11:12  Terran Ship Weapons Level 1  
  186  11:20  Refinery  
  186  11:23  Refinery, Marine, SCV x2  
  186  11:25  Marine  
  181  11:27  Marine  
  181  11:28  Marauder, Marine  
  181  11:31  Marauder x2  
  181  11:32  SCV  
  184  11:34  Planetary Fortress  
  184  11:35  SCV  
  184  11:36  SCV  
  184  11:41  Marine  
  184  11:42  Marine  
  179  11:48  Liberator  
  179  11:51  Marauder, Marine  
  168  12:01  Marine x5  
  155  12:04  Liberator  
  151  12:09  Marine  
  151  12:12  Marine  
  151  12:14  Liberator  
  156  12:17  SCV x3  
  156  12:18  Marine  
  156  12:19  Marine x4  
  156  12:20  Liberator  
  167  12:23  SCV  
  167  12:26  Marine  
  167  12:30  SCV  
  167  12:31  Liberator, SCV x2, Marauder  
  167  12:36  Marine x3, Ghost  
  170  12:40  SCV  
  170  12:41  Ghost  
  170  12:42  SCV  
  177  12:47  Liberator  
  179  12:53  Sensor Tower  
  179  12:56  Liberator  
  182  12:59  Command Center  
  182  13:02  Sensor Tower  
  182  13:03  Liberator  
  182  13:04  Missile Turret x2  
  185  13:08  Terran Ship Weapons Level 2  
  185  13:15  Barracks  
  185  13:16  Barracks x2  
  185  13:32  Marine  
  185  13:34  Command Center  
  186  13:36  Liberator  
  186  13:37  Liberator, Marine  
  186  13:39  Liberator  
  193  13:43  Marine  
  193  13:46  Terran Infantry Weapons Level 3, Viking  
  190  13:51  SCV  
  191  14:16  Liberator  
  194  14:19  Liberator x2  
  198  14:43  Liberator  
  198  14:44  Marine  
  198  14:45  Marauder  
  199  15:00  Marine  
  183  15:14  Marine  
  183  15:21  Orbital Command  
  167  15:22  Ghost x3  
  167  15:23  Marine x3  
  161  15:29  Barracks Tech Lab x2  
  161  15:30  Barracks Tech Lab  
  161  15:32  Marine  
  158  15:37  Medivac x4  
  158  15:41  Marine x3  
  165  15:44  Planetary Fortress  
  165  15:48  Terran Vehicle And Ship Armor Level 1  
  165  15:50  Marine x2  
  165  15:51  Ghost x3  
  165  15:52  Marine x2  
  162  15:58  Marine  
  162  15:59  Marine x2  
  162  16:02  Orbital Command  
  162  16:03  Missile Turret  
  159  16:07  Medivac x2, Marine  
  159  16:08  Marine  
  159  16:09  Marine  
  159  16:10  Marine  
  166  16:16  Marine x3  
  169  16:19  Ghost x2  
  169  16:20  Marauder  
  169  16:23  Missile Turret  
  169  16:25  Marine  
  175  16:26  Sensor Tower, Marine  
  175  16:27  Marine  
  175  16:28  Marauder  
  180  16:34  Marine x3  
  183  16:42  Marauder  
  183  16:43  Marine  
  183  16:44  Marauder  
  183  16:45  Liberator  
  183  16:46  Marauder  
  193  16:48  Marine  
  193  16:49  Marauder x2  
  193  16:52  Sensor Tower, Marine  
  199  17:00  Marine  
  194  17:02  Liberator  
  194  17:03  Marauder  
  194  17:06  Marauder  
  197  17:10  Liberator, Marauder  
  197  17:12  Marauder x2  
  191  17:25  Marauder  
  191  17:28  Marauder, Marine  
  191  17:34  Marauder x2, Marine  
  191  17:35  Marine x2  
  189  17:38  Marine  
  190  17:55  Barracks  
  190  17:58  Command Center  
Tags
 
Add a new tag
Caveats
  • Supply blocks, unpowered buildings, or Contaminate may cause inaccurate times.
  • Supply counts are checked every 10 seconds.